Cogmind - Beta 14 @@@ ROGUE MODE // 2024.11.21 @ 15:39:13 Player: akira Result: Destroyed by G-47 Trooper with Particle Gun Performance ------------- Evolutions (0) 0 Regions Visited (2) 400 Robots Destroyed (19) 95 Value Destroyed (426) 426 Prototype IDs (0) 0 Alien Tech Used (0) 0 Bonus (0) 0 TOTAL SCORE: 921 Bonus ------- None Cogmind --------- Core Integrity 0/250 Matter 282/300 Energy 250/250 System Corruption 0% Temperature Cool (25) Movement Walking (120) Location -10/Mines Parts ------- > --- POWER (1) -------- Ion Engine > --- PROPULSION (2) --- Aluminum Leg Aluminum Leg > --- UTILITY (2) ------ Medium Storage Unit Signal Interpreter > --- WEAPON (2) ------- Light Assault Rifle Light Assault Rifle > --- INVENTORY (10) --- Light Ion Engine Aluminum Leg Structural Scanner Sensor Array Core Shielding Core Shielding Sensor Drone Bay Mining Laser Stasis Trap (100%) Stasis Trap (100%) Peak State ------------ > --- POWER ------------ Light Ion Engine > --- PROPULSION ------- Aluminum Leg Aluminum Leg > --- UTILITY ---------- Medium Storage Unit Structural Scanner > --- WEAPON ----------- Light Assault Rifle Mining Claw > --- INVENTORY -------- Light Ion Engine Light Treads Light Treads Aluminum Leg Aluminum Leg Aluminum Leg Heat Sink EM Pulse Gun Small Laser Light Assault Rifle [Rating: 8] Favorites ----------- Power Ion Engine Engine Ion Engine Propulsion Aluminum Leg Leg Aluminum Leg Utility Medium Storage Unit Device Structural Scanner Storage Medium Storage Unit Processor Signal Interpreter Protection Core Shielding Weapon Light Assault Rifle Ballistic Gun Light Assault Rifle Special Weapon Mining Laser Slashing Weapon Mining Claw Build | -11 -10 -10 ------- Run | Yrd Mat Min Slots Evolved . | . . . Power . | . . . Propulsion . | . . . Utility . | . . . Weapon . | . . . Parts Attached 25 | 5 16 4 Power 5 | 1 4 . Engine 5 | 1 4 . Core . | . . . Reactor . | . . . Propulsion 6 | 2 3 1 Treads . | . . . Leg 6 | 2 3 1 Wheel . | . . . Hover . | . . . Flight . | . . . Utility 5 | 1 4 . Device 1 | . 1 . Storage 2 | 1 1 . Processor 1 | . 1 . Hackware . | . . . Protection 1 | . 1 . Artifact . | . . . Weapon 9 | 1 5 3 Energy Gun . | . . . Energy Cannon . | . . . Ballistic Gun 6 | 1 3 2 Ballistic Cannon . | . . . Launcher . | . . . Special Weapon 2 | . 1 1 Impact Weapon . | . . . Slashing Weapon 1 | . 1 . Piercing Weapon . | . . . Special Melee Weapon . | . . . Unidentified Prototypes . | . . . Parts Lost 2 | . 2 . Power 1 | . 1 . Propulsion . | . . . Utility . | . . . Weapon 1 | . 1 . Highest Loss Streak 1 | . 1 . To Critical Strikes . | . . . Average Slot Usage (%) 90 | . 87 100 Engine 13 | . 13 14 Leg 28 | . 28 28 Device 1 | . 1 . Storage 14 | . 14 14 Processor 4 | . 2 14 Protection 3 | . 3 . Ballistic Gun 17 | . 17 15 Special Weapon 4 | . 2 12 Slashing Weapon 1 | . 2 . Peak Build Rating 8 | 5 8 8 Average Rating 6 | 3 6 7 On Entrance 4 | . 5 8 Naked Turns . | . . . Heaviest Build 19 | 11 19 17 Greatest Support 20 | 20 20 20 Greatest Overweight (x) . | . . . Average Overweight (x) . | . . . Largest Inventory Capacity 10 | 8 10 10 Average Capacity 9 | 7 9 10 Most Carried 10 | 5 10 10 Average Carried 9 | 2 9 9 Final Capacity 10 | 8 10 10 Final Carried 10 | 4 10 10 Class Distribution -------------------- 89% | Mutant 10% | Scavenger-Mutant Dominant Class ---------------- Mutant | -10/Materials Mutant | -10/Mines Resources | -11 -10 -10 ----------- Run | Yrd Mat Min Matter Collected 575 | 223 300 52 Remotely . | . . . Salvage Created 476 | . 438 38 Parts 43 | . 38 5 Haulers Intercepted . | . . . Recyclers Shooed . | . . . Parts Field Recycled . | . . . Retrieved Matter . | . . . Parts Self-Destructed . | . . . Prevented . | . . . Kills | -11 -10 -10 ------- Run | Yrd Mat Min Combat Hostiles Destroyed 16 | . 14 2 Guns 16 | . 14 2 Classes Destroyed 4 | . 4 . Operator 1 | . 1 . Watcher 2 | . 2 . Swarmer 8 | . 6 2 Grunt 8 | . 8 . Best Kill Streak 3 | . 3 2 Combat Bots Only 3 | . 3 2 Max Kills in Single Turn 1 | . 1 1 Gunslinging . | . . . Exploded . | . . . Melee . | . . . Uniques/NPCs Destroyed . | . . . Combat | -11 -10 -10 -------- Run | Yrd Mat Min Hostile Shots Fired 109 | . 82 27 Missed 26 | . 20 6 Damage Taken 910 | . 669 241 Core 252 | . 226 26 Absorbed by Shields . | . . . Redirected to Shielding 5 | . 5 . Core Remaining (%) 100 | 100 . . Volleys Fired 124 | . 113 11 Largest 2 | . 2 2 Hottest 100 | . 100 100 Shots Fired 161 | . 140 21 Gun 152 | . 132 20 Cannon . | . . . Launcher . | . . . Special 9 | . 8 1 Kinetic 152 | . 132 20 Thermal 9 | . 8 1 Explosive . | . . . Electromagnetic . | . . . Robot Hit Streak 17 | . 17 4 Robot Miss Streak 4 | . 4 3 Penetration Max . | . . . Secondary Targets 1 | . 1 . Max Gunslinging Chain 1 | . 1 . Shots Hit Robots 104 | . 93 11 Core Hits 44 | . 38 6 Critical Kills . | . . . Critical Parts Destroyed . | . . . Critical Strikes . | . . . Melee Attacks 5 | . 5 . Impact . | . . . Slashing 5 | . 5 . Piercing . | . . . Sneak Attacks . | . . . Combat Hostiles . | . . . Follow-up Attacks . | . . . Damage Inflicted 872 | . 780 92 Guns 848 | . 756 92 Cannons . | . . . Explosions . | . . . Melee . | . . . Ramming . | . . . Kinetic 848 | . 756 92 Thermal 24 | . 24 . Explosive . | . . . Electromagnetic . | . . . Impact . | . . . Slashing . | . . . Piercing . | . . . Highest Corruption . | . . . Average Corruption . | . . . Corruption Purged . | . . . Corruption Blocked . | . . . Overload Shots . | . . . Overflow Damage 4 | . 4 . Projectiles 4 | . 4 . Explosions . | . . . Melee . | . . . Knockbacks . | . . . Impact . | . . . Kinetic . | . . . Secondary . | . . . Self-Inflicted Damage . | . . . Shots . | . . . Rammed . | . . . Targets Rammed . | . . . Kicked . | . . . Crushed . | . . . Highest Temperature 100 | . 100 20 Average Temperature 27 | . 30 9 Received Heat Transfer 354 | . 276 78 Siege Activations . | . . . Robots Corrupted . | . . . Combat Hostiles . | . . . Parts Fried . | . . . Impact Corruptions . | . . . Robots Melted . | . . . Combat Hostiles . | . . . Parts Melted . | . . . Heat Transferred 50 | . 50 . Parts Sabotaged . | . . . Parts Stolen . | . . . Parts Stripped . | . . . Power Chain Reactions . | . . . Alert | -11 -10 -10 ------- Run | Yrd Mat Min Peak Influence 203 | . 203 124 Initial 58 | . . 58 Average 92 | . 89 120 Maximum Alert Level 1 | . 1 . Low Security (%) 92 | 100 89 100 Level 1 7 | . 10 . Level 2 . | . . . Level 3 . | . . . Level 4 . | . . . Level 5 . | . . . High Security . | . . . Max Security . | . . . Squads Dispatched 3 | . 3 . Investigation . | . . . Extermination . | . . . Reinforcement 3 | . 3 . Assault . | . . . Garrison . | . . . Intercept . | . . . Searches Triggered . | . . . Construction Impeded . | . . . Haulers Reinforced . | . . . Active Scanning Responses . | . . . Cargo Convoy Interrupts . | . . . Stealth | -11 -10 -10 --------- Run | Yrd Mat Min Distress Signals 1 | . 1 . Communications Jammed . | . . . Distress Signals . | . . . Times Spotted 34 | . 29 5 Peak Tracking Total 4 | . 4 3 Tactical Retreats 2 | . 2 . Traps | -11 -10 -10 ------- Run | Yrd Mat Min Traps Triggered . | . . . Indirectly . | . . . Trap Hack Attempts . | . . . Triggered . | . . . Disarmed . | . . . Reprogrammed . | . . . Reused . | . . . Traps Extracted . | . . . Installed . | . . . Triggered . | . . . Most Traps Carried 2 | . . 2 Machines | -11 -10 -10 ---------- Run | Yrd Mat Min Machines Disabled . | . . . Max in Single Turn . | . . . Machines Repaired . | . . . Machines Dismantled . | . . . Machines Sabotaged . | . . . Overloaded Fab Kills . | . . . Hacking | -11 -10 -10 --------- Run | Yrd Mat Min Machines Accessed 1 | . . 1 Terminals . | . . . Fabricators . | . . . Repair Stations . | . . . Recycling Units . | . . . Scanalyzers . | . . . Garrison Access . | . . . Total Hacks 1 | . . 1 Successful 1 | . . 1 Failed . | . . . Catastrophic . | . . . Database Lockouts . | . . . Manual . | . . . Terminals . | . . . Fabricators . | . . . Repair Stations . | . . . Recycling Units . | . . . Scanalyzers . | . . . Garrison Access . | . . . Terminal Hacks 1 | . . 1 Open Door 1 | . . 1 Fabricator Hacks . | . . . Repair Station Hacks . | . . . Recycling Unit Hacks . | . . . Scanalyzer . | . . . Garrison Access Hacks . | . . . Unauthorized Hacks . | . . . Terminals . | . . . Fabricators . | . . . Repair Stations . | . . . Recycling Units . | . . . Scanalyzers . | . . . Garrison Access . | . . . Data Cores Recovered . | . . . Used . | . . . Hacking Detections . | . . . Full Trace Events . | . . . Feedback Events . | . . . Feedback Blocked . | . . . Robot Schematics Acquired . | . . . Robots Built . | . . . Authchips . | . . . Time . | . . . Total Robot Build Rating . | . . . Part Schematics Acquired . | . . . Parts Built . | . . . Authchips . | . . . Time . | . . . Total Part Build Rating . | . . . Parts Repaired . | . . . Time . | . . . Parts Recycled . | . . . Recycled Matter . | . . . Retrieved Matter . | . . . Retrieved Components . | . . . Parts Scanalyzed . | . . . Part Schematics Acquired . | . . . Parts Damaged . | . . . Bothacking | -11 -10 -10 ------------ Run | Yrd Mat Min Used RIF Installer . | . . . Robots Hacked . | . . . Non-combat . | . . . Combat . | . . . Robot Hacks Applied . | . . . Relay Couplers Released . | . . . Fabnet Peak Effective % . | . . . Robots Rewired . | . . . Allies Hacked . | . . . Hacks Repelled . | . . . Allies | -11 -10 -10 -------- Run | Yrd Mat Min Total Allies . | . . . Largest Group . | . . . Highest-Rated Group . | . . . Highest-Rated Ally . | . . . Total Orders . | . . . Ally Attacks . | . . . Total Damage . | . . . Kills . | . . . Allies Corrupted . | . . . Allies Melted . | . . . Intel | -11 -10 -10 ------- Run | Yrd Mat Min Robot Analysis Total . | . . . Derelict Logs Recovered . | . . . Drone Launches . | . . . Drone Recoveries . | . . . Exploration | -11 -10 -10 ------------- Run | Yrd Mat Min Turns Passed 1972 | 73 1497 402 Spaces Moved 1185 | 47 869 269 Core 13 | 13 . . Treads . | . . . Legs 1172 | 34 869 269 Wheels . | . . . Hover . | . . . Flight . | . . . Fastest Speed 50 | 50 120 120 Average Speed 119 | 100 120 120 Slowest Speed 120 | 120 120 120 Overloaded Moves . | . . . Propulsion Burnouts . | . . . Robots Hopped . | . . . Cave-ins Triggered . | . . . Exploration Rate (%) 51 | 3 94 57 Regions Visited 2 Branch Regions 1 Pre-discovered Areas . | . . . Known Exits Taken 1 | . 1 . Unknown Exits Taken 1 | 1 . . Scrap Searched 1 | . . 1 Spaces Dug 9 | . 8 1 Terrain Destroyed 11 | . 10 1 Melee 3 | . 3 . Projectile 8 | . 7 1 AOE . | . . . Terrain Rammed . | . . . Walls Destroyed . | . . . Machines Disabled . | . . . Actions | -11 -10 -10 --------- Run | Yrd Mat Min Total 1593 | 72 1189 332 Wait 196 | 12 150 34 Move 1183 | 46 868 269 Hop . | . . . Pick Up 39 | 9 23 7 Fast Attach . | . . . Attach 12 | 5 6 1 Detach 1 | . 1 . Swap 13 | . 10 3 Drop 20 | . 13 7 Fire 124 | . 113 11 Melee 5 | . 5 . Ram . | . . . Kick . | . . . Crush . | . . . Escape Stasis . | . . . Rewire . | . . . Trap . | . . . Miscellaneous . | . . . Route ------- -11/Scrapyard -10/Materials (discovered 4 exits: *Mat x2 / *Min x2) -10/Mines (discovered 1 exit: *Mat) History --------- Turn | Location | Event 7 | -11/Scrapyard | Discovered new exit (range 16) 74 | -11/Scrapyard | Entered Materials 110 | -10/Materials | Discovered new exit (range 11) 301 | -10/Materials | Discovered new exit (range 16) 306 | -10/Materials | Build established: Mutant 823 | -10/Materials | Discovered new exit (range 4) 874 | -10/Materials | Core integrity fell below 50% 982 | -10/Materials | Discovered new exit (range 14) 1316 | -10/Materials | Identified exit to Mines 1448 | -10/Materials | Core integrity fell below 20% 1571 | -10/Materials | Entered Mines 1692 | -10/Mines | Discovered new exit (range 6) 1699 | -10/Mines | Identified exit to Materials 1762 | -10/Mines | Found a hidden stash of uninstalled traps 1813 | -10/Mines | Found the Drone Emporium 1819 | -10/Mines | Found Prototype Device 1973 | -10/Mines | Destroyed by G-47 Trooper with Particle Gun Last Messages --------------- 01812_ Connecting with SHOP.Sys... >>Open Door Sealed Doors opened. 01813_ JF-37O(g): "Well that was anticlimactic. Heard you outside and thought you were from the Merchants Guild. I haven't even officially opened my Drone Emporium yet but am totally ready to tell them where they can shove that C&D." 01815_ JF-37O(g): "I'm a fan of the free market. Free drones for all! No strings attached!" 01818_ Dropped Structural Scanner. 01819_ Acquired Prototype Device. 01821_ Dropped Aluminum Leg. 01823_ Acquired Structural Scanner. 01826_ Searching scrap... 01826_ Found Tractor Beam. 01826_ Found Sml. Storage Unit. 01826_ Found 57 Matter. 01827_ Acquired 18 matter. 01838_ K-01 Serf collects debris. Map ----- +----------------------------------------------------+ | ?# #?????????######??????????????????????????????? | | ?# #????????## ##?????????????????????????????? | | ?# #?##?????# ##????????????????????????????? | | ?# #?# ###?## ##???????????????????????????? | | ?# #??# ### #???????????????????????????? | | ?# #??# #???????????????????????????? | | ?# #### ### # #???????????????????????????? | | ?# < ###?# # #???????????????????????????? | | ?# #### ##???# # ########????????????????????? | | ## #??## ##????# #????????????????????? | | #???#####?????######### #???????#####????????? | | ####?????????????????????# #??????## ##???????? | | #????????????????????????# ######## #?????### | | ##?????????????####??????# ## #?????# | | ####?????????## ##?????######## #?# ##????# # | | ##????????# #????????????# #?# ##???# # | | ##?####??# #????????????# #?## ##??# # | | ### #### #????????????# ##### #??# # | | ## ## &#????????????# ## #??# # | | #### #????????????#### ##% #### # | | ???## &#???????????????# # # | | ????### ##?????????????## # | | ??????## ## ######????????# # | | ???????###### ##???????## ## | | ?######?????## #????????# ##? | | ##""""##?????## @#????????# ## ######?? | | #" =!%"#??????## gg##????????# #####??????? | | #" ! "#???????## #?????????# #??????????? | | ## ##????????## #?????????# #??????????? | | ### ###?????????## #?????????# #??????????? | | X ####???????##k #????????## #??????????? | | # ########## ######## #??????????? | | ### ## #??????????? | | ### ###???????????? | | #?# ##### ## ##### ##?????????????? | | ### #???########???? ##??????????????? | | #???????????????? ??????????????? | | #???????????????? ?????????????? | | # #########?????????????????####????????????? | | ## ### ##?????????????????????????????????? | | ?# ### ## #??????????????????????????????? | | ?###### #??????????????????????????????? | | ??????# #####??????????????????????????????? | | ??????## #??????????????????????????????????? | | ???????# ##?????????????????????????????????? | | ??????## ##????????????????????????????????? | | ?????## #????????????????????????????????? | | ?????# #????????????????????????????????? | | ?????# #????????????????????????????????? | | ?????## ##????????????????????????????????? | +----------------------------------------------------+ Best States ------------- Heat Dissipation 25 Energy Generation 10 Energy Capacity 250 Matter Stores 300 Matter Capacity 300 Sight Range 16 Terrain Scan Density 10 Core Shielding 20 Evasion (%) 55 Item Schematics ----------------- None Robot Schematics ------------------ None Fabricated ------------ Nothing Alien Tech Used ----------------- None Achievements -------------- None Challenges ------------ None Game ------ Seed BombardmentCombatBox Manual? 0 Play Time 00:30:49 Cumulative 9.2 hours Start 2024.11.21 @ 15:07:08 End 2024.11.21 @ 15:39:13 Sessions 1 Manual Loads 0 Difficulty Rogue Special Mode None Game No. 15 Rogue 15 Adventurer 0 Explorer 0 Win Type - Total 0 Types 0/0/0/0/0/0/0/0/0 Lore% 2 Gallery% 12 Achievement% 14 Wizard Run 0 Options --------- Layout 1 ASCII 0 Keyboard 0 Movement Mouse Keybinds 0 Fullscreen 1 Font 16/SmallcapsGlow Map View 55x38 Zoom Use 85% Tactical HUD 1 Map Filters NONE Filters NONE Steam 1 RUN: 1ca94753-5a8a-4c5a-9fe8-b910600252e8